 Dungeon Crawl Stone Soup version 0.20.0-10-g0535bb4 (webtiles) character file.

779 mike2R the Destroyer (level 7, -1/39 HPs)
             Began as a Deep Elf Conjurer on June 3, 2017.
             Slain by Edmund
             ... wielding a +3 flail of draining
              (11 damage)
             ... on level 5 of the Dungeon.
             The game lasted 00:31:05 (6391 turns).

mike2R the Destroyer (Deep Elf Conjurer)            Turns: 6391, Time: 00:31:06

Health: -1/39      AC:  3    Str:  5    XL:     7   Next: 54%
Magic:  20/20      EV: 11    Int: 22    God:
Gold:   246        SH:  0    Dex: 15    Spells: 7/21 levels left

rFire    . . .     SeeInvis +   A - +0 rapier
rCold    . . .     Gourm    .   (no shield)
rNeg     . . .     Faith    .   a - +0 robe
rPois    .         Spirit   .   (no helmet)
rElec    .         Reflect  .   y - +0 cloak
rCorr    .         Harm     .   (no gloves)
MR       .....                  (no boots)
Stlth    ++........             o - amulet of regeneration
Regen    0.6/turn               m - ring of flight
MPRegen  0.2/turn               (no ring)

@: very slightly contaminated, heavily drained
A: see invisible, robust 1
a: Evoke Flight


You were on level 5 of the Dungeon.
You were not hungry.

You visited 2 branches of the dungeon, and saw 6 of its levels.

You collected 246 gold pieces.

Inventory:

Hand Weapons
 x - a +2 quarterstaff of chaos
 A - a +0 rapier (weapon)
Missiles
 r - 151 stones
 t - 10 tomahawks (quivered)
Armour
 a - a +0 robe (worn)
 d - a scarf of repulsion
 h - a +0 leather armour
 u - a +0 ring mail of cold resistance
 y - a +0 cloak (worn)
Jewellery
 m - a ring of flight (left hand)
 o - an amulet of regeneration (around neck)
Wands
 C - a wand of digging (9/24)
Scrolls
 e - 2 scrolls of blinking {unknown}
 f - 2 scrolls of remove curse
 g - a scroll of random uselessness {unknown}
 p - a scroll of amnesia {unknown}
 v - 2 scrolls of teleportation {unknown}
 w - 5 scrolls of identify
 B - a scroll of immolation {unknown}
 F - a scroll of enchant weapon {unknown}
Potions
 i - a potion of invisibility
 j - a potion of ambrosia {unknown}
 l - 2 potions of agility {unknown}
 q - 2 potions of might {unknown}
 s - a potion of magic {unknown}
 z - 3 potions of mutation
 E - a potion of curing {unknown}
Books
 b - a book of Conjurations

   Spells                             Type                      Level
   a - Magic Dart                     Conjuration                  1
   b - Searing Ray                    Conjuration                  2
   c - Dazzling Spray                 Conjuration/Hexes            3
   d - Fulminant Prism                Conjuration/Hexes            4
   e - Force Lance                    Conjuration/Translocation    4
   f - Iskenderun's Mystic Blast      Conjuration                  4
Comestibles
 c - 2 bread rations
 k - 5 meat rations
 n - 4 fruits
 D - 6 chunks of flesh


   Skills:
 - Level 2.4(0.4) Dodging
 - Level 2.4(0.4) Stealth
 + Level 7.7(5.4) Spellcasting
 + Level 8.3(6.0) Conjurations


You had 7 spell levels left.
You knew the following spells:

 Your Spells              Type           Power        Failure   Level  Hunger
a - Magic Dart            Conj           ####         1%          1    None
b - Searing Ray           Conj           ####..       1%          2    None
c - Dazzling Spray        Conj/Hex       ###...       9%          3    ##.....
d - Iskenderun's Mystic   Conj           ####....     8%          4    ####...
e - Force Lance           Conj/Tloc      ###.....     28%         4    ####...


Dungeon Overview and Level Annotations

Branches:
Dungeon (5/15)             Temple (1/1) D:4

Altars:
Cheibriados
Dithmenos
Elyvilon
Fedhas
Gozag
Hepliaklqana
Makhleb
Nemelex Xobeh
Okawaru
Qazlal
Trog
Xom
Yredelemnul
Zin
The Shining One

Annotations:
D:5 Edmund


Innate Abilities, Weirdness & Mutations

You have supernaturally acute eyesight. (SInv)
You are robust. (+10% HP)


Message History

Edmund hits you with a flail of draining.
You feel drained.
Edmund hits you with a flail of draining!
* * * LOW HITPOINT WARNING * * *
You feel drained.
* * * LOW HITPOINT WARNING * * *
Okay, then.
Okay, then.
Edmund closely misses you.
Edmund says, "People accused me of being a cutpurse!"
Edmund barely misses you.
You flicker for a moment.
Edmund hits you with a flail of draining.
* * * LOW HITPOINT WARNING * * *
You feel drained.
Edmund is no longer moving quickly.
You flicker back into view.
Edmund says, "What use are spells, anyway?"
Edmund hits you with a flail of draining!
You die...

.....#.#...#.#.#.####.#
.#####.###.#.#.#.##...# .#
#.....#.#...##.###
############.######.####
...........#...........######
.#####.###.#.###.#####.#....#
.#...#.#.#.#.#.#.#...#.####.#
.###.#.#.#.#.#.#.#.###.# #.#
.....#.#...#...#@#.....# #.#
####.#.#########@####### #.#
.....#...........# #<#
.###.#.###.#####.# #.#
.#.#.#.#.#.#...#.# #.#
.#.#)#.#.#.#.###.# # #.#
)#...#...#.#.....#.##.#####.#
[#########.#######..........#
...........# .#.....###


You could see Edmund.

Vanquished Creatures
  The ghost of DogShitOnMyToe the Ducker, an amateur MfCj (D:3)
  An ogre (D:4)
  2 scorpions (D:4)
  A hound (D:4)
  Crazy Yiuf (D:2)
  3 orc wizards
  Terence (D:2)
  A worker ant (D:4)
  7 adders
  2 oozes
  2 worms
  2 dart slugs
  4 leopard geckos
  14 orcs
  3 giant cockroaches
  13 goblins
  10 hobgoblins
  14 jackals
  5 quokkas
  13 bats
  4 frilled lizards
  9 kobolds
  A quokka skeleton (D:5)
  10 rats
124 creatures vanquished.

Notes
Turn   | Place    | Note
-------+----------+-------------------------------------------
     0 | D:1      | mike2R the Deep Elf Conjurer began the quest for the Orb.
     0 | D:1      | Reached XP level 1. HP: 10/10 MP: 6/6
    98 | D:1      | Reached XP level 2. HP: 15/15 MP: 1/8
   557 | D:1      | Gained mutation: You have supernaturally acute eyesight. (SInv) [potion of mutation]
   557 | D:1      | Gained mutation: You are robust. (+10% HP) [potion of mutation]
   603 | D:1      | Learned a level 2 spell: Searing Ray
   856 | D:1      | Reached XP level 3. HP: 20/20 MP: 7/10
  1211 | D:2      | Learned a level 3 spell: Dazzling Spray
  1219 | D:2      | Reached skill level 5 in Conjurations
  1420 | D:2      | Noticed Terence
  1438 | D:2      | Killed Terence
  1438 | D:2      | Reached XP level 4. HP: 26/26 MP: 6/12
  1568 | D:2      | Reached skill level 5 in Spellcasting
  1574 | D:2      | Learned a level 4 spell: Iskenderun's Mystic Blast
  1638 | D:2      | Found a shimmering altar of Xom.
  2115 | D:2      | Found a runed door.
  2119 | D:2      | Noticed Crazy Yiuf
  2123 | D:2      | Killed Crazy Yiuf
  2123 | D:2      | Reached skill level 6 in Conjurations
  2123 | D:2      | Reached XP level 5. HP: 30/30 MP: 9/14
  2129 | D:2      | Learned a level 4 spell: Force Lance
  2213 | D:2      | Found an opulent altar of Gozag.
  3046 | D:3      | Noticed DogShitOnMyToe's ghost (amateur MfCj)
  3882 | D:3      | Found a faded altar of an unknown god.
  3892 | D:3      | Killed DogShitOnMyToe's ghost
  3892 | D:3      | Reached skill level 7 in Conjurations
  3892 | D:3      | Reached XP level 6. HP: 22/35 MP: 7/17
  4573 | D:4      | Found a staircase to the Ecumenical Temple.
  4604 | Temple   | Entered the Ecumenical Temple
  4963 | D:4      | Reached XP level 7. HP: 23/39 MP: 5/19
  5109 | D:4      | Reached skill level 8 in Conjurations
  5298 | D:4      | Found a basalt altar of Yredelemnul.
  5806 | D:5      | Entered Level 5 of the Dungeon
  6343 | D:5      | Noticed Edmund
  6391 | D:5      | Slain by Edmund

Skill      XL: |  1  2  3  4  5  6  7 |
---------------+----------------------+-----
Spellcasting   | 4 5 6 7 |  7.7
Conjurations   | 5 6 7 8 |  8.3
Dodging        | |  2.4
Stealth        | |  2.4

Action                   |  1- 3 |  4- 6 |  7- 9 || total
-------------------------+-------+-------+-------++-------
Melee: Short sword       |    10 |     4 |       ||    14
       Club              |     7 |       |       ||     7
       Rapier            |       |    11 |       ||    11
 Cast: Magic Dart        |    58 |    84 |    47 ||   189
       Searing Ray       |     1 |    11 |     7 ||    19
       Iskenderun's Myst |       |     5 |       ||     5
       Dazzling Spray    |       |     2 |       ||     2
 Abil: Evoke Flight      |     1 |       |       ||     1
  Use: Scroll            |     4 |     1 |       ||     5
       Potion            |     2 |     2 |     1 ||     5
 Stab: Sleeping          |     5 |     2 |       ||     7
  Eat: Chunk             |     2 |     9 |     4 ||    15
       Royal jelly       |       |     1 |       ||     1
Armor: Robe              |     5 |     5 |       ||    10
Dodge: Dodged            |    16 |    15 |     7 ||    38
       Deflected         |     1 |       |       ||     1
